 Dungeon Crawl Stone Soup version 0.31-a0-819-gf6de2f5ab6 (webtiles) character file.

Game seed: 9199241979062331451

234 qw the Shooter (level 6, 0/38 HPs)
             Began as a Gargoyle Hunter on Sept 23, 2023.
             Killed by divine providence
             ... invoked by an orc priest
              (17 damage)
             ... on level 5 of the Dungeon.
             The game lasted 00:01:11 (3034 turns).

qw the Shooter (Gargoyle Hunter)                    Turns: 3034, Time: 00:01:12

Health: 0/38       AC:  9    Str: 14    XL:     6   Next: 5%
Magic:  6/6        EV: 10    Int: 10    God:
Gold:   192        SH:  5    Dex: 15    Spells: 5/5 levels left

rFire   . . .        Y - +3 orcbow (elec)
rCold   . . .        (shield currently unavailable)
rNeg    + + .        i - +0 ring mail
rPois   inf          (no helmet)
rElec   +            (no cloak)
rCorr   .            (no gloves)
SInv    .            (no boots)
Will    .....        c - amulet of reflection
Stlth   +            d - ring of positive energy
HPRegen 0.26/turn    (no ring)
MPRegen 0.10/turn

%: reflection
@: no status effects
A: sickness immunity, AC +4, negative energy resistance 1, electricity
resistance, torment resistance 1, petrification resistance
a: no special abilities


You were on level 5 of the Dungeon.
You visited 1 branch of the dungeon, and saw 5 of its levels.

You collected 251 gold pieces.
You spent 59 gold pieces at shops.


Innate Abilities, Weirdness & Mutations

You are immune to sickness and miasma.
Your stone body is resilient. (AC +4)
You are immune to poison.
You resist negative energy. (rN+)
You are resistant to electric shocks. (rElec)
You are resistant to unholy torment.
You are immune to petrification.


   Skills:
 - Level 4.2 Fighting
 + Level 6.0 Ranged Weapons
 - Level 1.2 Armour
 - Level 1.5 Dodging
 - Level 1.1 Stealth


You had 5 spell levels left.
You didn't know any spells.
Your spell library was empty.

Inventory:

Hand Weapons
 Y - a +3 orcbow of electrocution (weapon)
Armour
 i - a +0 ring mail (worn)
Jewellery
 c - an amulet of reflection (around neck)
 d - a ring of positive energy (left hand)
Scrolls
 a - 2 scrolls of teleportation {unknown}
 g - a scroll of revelation {unknown}
 j - 2 scrolls of identify
Potions
 b - 3 potions of curing
 f - a potion of degeneration {unknown}
 m - a potion of haste

Dungeon Overview and Level Annotations

Branches:
Dungeon (5/15)
 Temple: D:4-7

Altars:
Makhleb
Yredelemnul

Shops:
D:2 *[![[

Annotations:
D:2 1 runed translucent door, Crazy Yiuf
D:3 exclusion: moth of wrath


Message History

You shoot an arrow.
The arrow closely misses the orc priest.
The orc hits you but does no damage. The orc priest completely misses you.
You shoot an arrow. The arrow hits the orc priest.
The orc priest is moderately wounded.
The orc closely misses you.
The orc priest looks braver for a moment.
You shoot an arrow. The arrow hits the orc priest!
You kill the orc priest!
The orc barely misses you.
The orc priest mumbles some strange prayers to Beogh against you.
Beogh smites you! The orc barely misses you.
Your Fighting skill increases to level 4!
You have reached level 6!
You shoot an arrow.
The arrow closely misses the orc priest.
The orc priest hits you with a +0 dagger.
An ogre comes into view. It is wielding a +0 giant club.
The orc hits you with a +0 club.
You shoot an arrow.
The arrow closely misses the orc priest.
The ogre shouts!
You hear an angry hiss.
The orc hits you with a +0 club.
The orc priest hits you with a +0 dagger.
3032 ||| DRINKING potion of heal wounds.
You feel much better. You block the orc's attack.
You block the orc priest's attack.
You shoot an arrow. The arrow hits the orc priest!
The orc priest is almost dead.
The orc hits you but does no damage. The orc priest completely misses you.
The orc hits you but does no damage.
The orc priest mumbles some strange prayers to Beogh against you.
Beogh smites you!
You shoot an arrow.
The arrow closely misses the orc priest.
The orc barely misses you.
The orc priest calls down the wrath of Beogh upon you.
Beogh smites you!
You die...

.# ##.. .....
..... ......
###O..... #
##...>.#
....###..##.##
#$...@##
####.oo#
#.#o.. ..
<.#.. ... ..[
... ##.. ....
.. ..# ..... .
#.# ##....


You could see an ogre, an orc priest and 2 orcs.

Vanquished Creatures
  2 orc priests
  An iguana (D:4)
  Ijyb (D:3)
  6 adders
  A worm (D:2)
  3 dart slugs
  An orc (D:3)
  6 endoplasms
  5 giant cockroaches
  4 goblins
  7 hobgoblins
  6 jackals (D:1)
  2 quokkas
  A ball python (D:2)
  4 bats
  2 frilled lizards (D:3)
  6 kobolds
  5 rats
63 creatures vanquished.

Notes
Turn   | Place    | Note
-------+----------+-------------------------------------------
     0 | D:1      | qw the Gargoyle Hunter began the quest for the Orb.
     0 | D:1      | Reached XP level 1. HP: 12/12 MP: 1/1
     0 | D:1      | 0 ||| qw: Version: 0.3-a-83-gcd0e7d8
     0 | D:1      | 0 ||| qw: Game counter: 1496
     0 | D:1      | 0 ||| qw: Melee chars always use a shield: true
     0 | D:1      | 0 ||| qw: God list: Okawaru
     0 | D:1      | 0 ||| qw: Allow faded altars: false
     0 | D:1      | 0 ||| qw: Do Orc after clearing Dungeon:15 true
     0 | D:1      | 0 ||| qw: Do second Lair branch before Depths: true
     0 | D:1      | 0 ||| qw: Lair rune preference: random
     0 | D:1      | 0 ||| qw: Goals: Normal
     0 | D:1      | 0 ||| PLANNING D:1-11
   190 | D:1      | Reached XP level 2. HP: 10/17 MP: 2/2
   370 | D:1      | Reached XP level 3. HP: 21/21 MP: 3/3
   458 | D:1      | Reached skill level 5 in Ranged Weapons
   889 | D:1      | 889 ||| UPGRADING to +0 ring mail.
   899 | D:1      | 899 ||| DROPPING +0 leather armour.
   900 | D:1      | 900 ||| UPGRADING to ring of positive energy.
   901 | D:1      | 901 ||| READING scroll labelled BUCOINI QEMENG.
   902 | D:1      | 902 ||| READING scroll labelled PEITOCATUF.
   903 | D:1      | 903 ||| READING scroll labelled BONATH SOCHEENK.
   904 | D:1      | 904 ||| READING 2 scrolls labelled ZAEG FOHUKHOULAF.
   905 | D:1      | 905 ||| READING scroll labelled HUUNUL CACUULI.
   906 | D:1      | 906 ||| READING scroll labelled USEQOWKABBO.
   907 | D:1      | 907 ||| DROPPING scroll of butterflies.
  1030 | D:2      | Found Ageddohu's Assorted Antiques.
  1038 | D:2      | 1038 ||| SHOPLISTING bone wand (104 gold, have 48).
  1038 | D:2      | 1038 ||| BUYING green potion (23 gold).
  1038 | D:2      | Bought a green potion for 23 gold pieces
  1038 | D:2      | 1038 ||| SHOPLISTING scroll labelled TIAMEL CIUN (26 gold,
                  | have 25).
  1116 | D:2      | Found Qerem's Distillery.
  1130 | D:2      | 1130 ||| BUYING potion of curing (36 gold).
  1130 | D:2      | Bought a potion of curing for 36 gold pieces
  1130 | D:2      | 1130 ||| SHOPLISTING potion of curing (36 gold, have 11).
  1130 | D:2      | 1130 ||| SHOPLISTING potion of might (48 gold, have 11).
  1130 | D:2      | 1130 ||| SHOPLISTING potion of mutation (96 gold, have 11).
  1130 | D:2      | 1130 ||| SHOPLISTING potion of resistance (120 gold, have
                  | 11).
  1152 | D:2      | Found a faded altar of an unknown god.
  1174 | D:2      | Reached skill level 1 in Armour
  1197 | D:2      | Found Gapav's Armour Shoppe.
  1204 | D:2      | 1204 ||| SHOPLISTING +0 helmet (63 gold, have 11).
  1314 | D:2      | Found Jeredate's Antique Armour Boutique.
  1320 | D:2      | 1320 ||| SHOPLISTING +3 crown of Dyrovepreva {rElec Int+2
                  | SInv} (1242 gold, have 36).
  1320 | D:2      | 1320 ||| SHOPLISTING pair of embroidered boots (225 gold,
                  | have 36).
  1320 | D:2      | 1320 ||| SHOPLISTING pair of runed boots (225 gold, have
                  | 36).
  1320 | D:2      | 1320 ||| SHOPLISTING warped cloak (285 gold, have 36).
  1375 | D:2      | Found Naetixt's Antique Armour Shoppe.
  1386 | D:2      | Reached skill level 3 in Fighting
  1386 | D:2      | Reached XP level 4. HP: 28/28 MP: 4/4
  1393 | D:2      | 1393 ||| SHOPLISTING glowing leather armour (115 gold, have
                  | 36).
  1424 | D:2      | Found a runed translucent door.
  1425 | D:2      | Noticed Crazy Yiuf
  1764 | D:2      | 1764 ||| UPGRADING to amulet of reflection.
  1769 | D:2      | 1769 ||| READING scroll labelled TIAMEL CIUN.
  1770 | D:2      | 1770 ||| READING scroll labelled FASCHU WIDAPE.
  1771 | D:2      | 1771 ||| READING scroll labelled SAOCHU CYL COV.
  1772 | D:2      | 1772 ||| READING scroll labelled NEZAOX WUNKIRO.
  1772 | D:2      | Identified a scroll of acquirement
  1772 | D:2      | 1772 ||| ACQUIRING +3 orcbow of electrocution
  1772 | D:2      | Acquired a +3 orcbow of electrocution
  1774 | D:2      | 1774 ||| SWAPPING to +3 orcbow of electrocution.
  1775 | D:2      | 1775 ||| DROPPING +1 shortbow.
  1776 | D:2      | 1776 ||| READING scroll labelled ALYSOSIAFY.
  1777 | D:2      | 1777 ||| DRINKING 2 fuming coppery potions.
  1778 | D:2      | 1778 ||| DRINKING 2 green potions.
  1820 | D:3      | Noticed a moth of wrath
  2034 | D:3      | Found a basalt altar of Yredelemnul.
  2034 | D:3      | Found a burning altar of Makhleb.
  2324 | D:3      | Noticed Ijyb
  2325 | D:3      | Killed Ijyb
  2333 | D:3      | Reached XP level 5. HP: 32/32 MP: 5/5
  2449 | D:3      | 2449 ||| READING 3 scrolls of identify.
  2449 | D:3      | 2449 ||| IDENTIFYING fuming amethyst potion
  2450 | D:3      | 2450 ||| DROPPING potion of ambrosia.
  2566 | D:4      | Reached skill level 6 in Ranged Weapons
  2628 | D:4      | 2628 ||| FLEEEEING.
  2629 | D:4      | 2629 ||| FLEEEEING.
  2639 | D:4      | 2639 ||| FLEEEEING.
  2640 | D:4      | 2640 ||| FLEEEEING.
  2641 | D:4      | 2641 ||| FLEEEEING.
  2642 | D:4      | 2642 ||| FLEEEEING.
  2648 | D:4      | 2648 ||| FLEEEEING.
  2649 | D:4      | 2649 ||| FLEEEEING.
  2651 | D:4      | 2651 ||| FLEEEEING.
  2652 | D:4      | 2652 ||| FLEEEEING.
  2653 | D:4      | 2653 ||| FLEEEEING.
  2654 | D:4      | 2654 ||| FLEEEEING.
  2655 | D:4      | 2655 ||| FLEEEEING.
  2656 | D:4      | 2656 ||| FLEEEEING.
  2657 | D:4      | 2657 ||| FLEEEEING.
  2658 | D:4      | 2658 ||| FLEEEEING.
  2659 | D:4      | 2659 ||| FLEEEEING.
  2660 | D:4      | 2660 ||| FLEEEEING.
  2661 | D:4      | 2661 ||| FLEEEEING.
  2662 | D:4      | 2662 ||| FLEEEEING.
  2663 | D:4      | 2663 ||| FLEEEEING.
  2664 | D:4      | 2664 ||| FLEEEEING.
  2668 | D:4      | 2668 ||| FLEEEEING.
  2669 | D:4      | 2669 ||| FLEEEEING.
  2670 | D:4      | 2670 ||| FLEEEEING.
  2671 | D:4      | 2671 ||| FLEEEEING.
  2672 | D:4      | 2672 ||| FLEEEEING.
  2673 | D:4      | 2673 ||| FLEEEEING.
  2674 | D:4      | 2674 ||| FLEEEEING.
  3016 | D:4      | You fall into a shaft and drop 1 floor!
  3016 | D:5      | Entered Level 5 of the Dungeon
  3017 | D:5      | 3017 ||| PLANNING SEWER
  3030 | D:5      | Reached XP level 6. HP: 15/38 MP: 6/6
  3031 | D:5      | HP: 7/38 [orc/+0 club (4)]
  3032 | D:5      | 3032 ||| DRINKING potion of heal wounds.
  3034 | D:5      | Killed from afar by an orc priest

Levels and vault maps discovered:
D:1:      elethiomel_arrival_shortcut, layout_basic, st_stairs_13
D:2:      layout_loops_ring, serial_shops, nicolae_shop_pleasant_corner_grove,
          shop, shop, nicolae_diamond_shop, nicolae_diamond_shop,
          hellmonk_ecumenical_altar_zigzags, nicolae_elevator_lobby_asterisk,
          uniq_crazy_yiuf_cottage
D:3:      layout_loops_ring, tgw_trog, jmf_multi_god_temple, uniq_ijyb
D:4:      layout_loops_cross, lemuel_coloured_pillars_altar,
          chequers_serial_rivers_micro_a, minivault_1
D:5:      layout_rooms, portal_sewer_entry_a, kennysheep_cross_bottleneck,
          nrook_campfire, hangedman_decor_riveting

Skill      XL: |  1  2  3  4  5 |
---------------+----------------+-----
Ranged Weapons | 5 6 |  6.0
Armour         | 1 |  1.2
Fighting       | 3 4 |  4.2
Dodging        | |  1.5
Stealth        | |  1.1

Action                     |  1- 3 |  4- 6 || total
---------------------------+-------+-------++-------
   Fire: Shortbow          |   114 |    10 ||   124
         Orcbow            |       |    67 ||    67
    Use: Scroll            |     6 |     6 ||    12
         Potion            |       |     3 ||     3
 Armour: Leather armour    |    28 |       ||    28
         Ring mail         |     7 |    15 ||    22
  Dodge: Dodged            |    30 |    17 ||    47
  Block: Other             |       |     8 ||     8

Table legend:
 A = Non-vault XP
 B = Vault XP
 C = Vault XP percentage of total XP
 D = Non-vault monster count
 E = Vault monster count
 F = Vault count percentage of total count
                 A         B        C        D         E       F
            +---------+---------+-------+---------+---------+-------
      Total |     282 |      53 |  15.8 |      59 |       4 |   6.3
            +---------+---------+-------+---------+---------+-------
        D:1 |      51 |       2 |   3.8 |      27 |       1 |   3.6
        D:2 |      46 |       0 |   0.0 |      12 |       0 |   0.0
        D:3 |      15 |      51 |  77.3 |       9 |       3 |  25.0
        D:4 |     129 |       0 |   0.0 |      10 |       0 |   0.0
        D:5 |      41 |       0 |   0.0 |       1 |       0 |   0.0
            +---------+---------+-------+---------+---------+-------
